 Dungeon Crawl Stone Soup version 0.19.1 (webtiles) character file.

52 spooks32 the Conjurer (level 3, -2/31 HPs)
             Began as a Tengu Wizard on Dec 21, 2016.
             Slain by Ladykiller69's ghost (3 damage)
             ... on level 3 of the Dungeon.
             The game lasted 00:09:02 (1592 turns).

spooks32 the Conjurer (Tengu Wizard)                Turns: 1592, Time: 00:09:03

Health: -2/31      AC: 21    Str:  7    XL:     3   Next: 85%
Magic:  4/8        EV:  2    Int: 18    God:
Gold:   77         SH:  0    Dex: 13    Spells: 4 memorised, 1 level left

rFire  . . .     SeeInvis .     l - +0 mace
rCold  . . .     Gourm    .     (armour currently unavailable)
rNeg   + + +     Faith    .     (no shield)
rPois  +         Spirit   .     (helmet currently unavailable)
rElec  .         Reflect  .     (cloak currently unavailable)
rCorr  .         Harm     .     (gloves currently unavailable)
MR     .....     NoTele   +     (boots unavailable)
Stlth  ++........               (no amulet)
                                (no ring)
                                k - ring of positive energy

@: tree-form
A: (beak), (talons 0)
a: no special abilities


You were on level 3 of the Dungeon.
You were very hungry.
You were a tree.
You visited 1 branch of the dungeon, and saw 3 of its levels.

You collected 77 gold pieces.

Inventory:

Hand Weapons
 l - a +0 mace (weapon)
Armour
 b - a +0 hat (melded)
 e - a +0 pair of gloves (melded)
 f - a +0 cloak (melded)
 o - a +0 leather armour (melded)
Jewellery
 k - a ring of positive energy (left branch)
Scrolls
 g - a scroll of identify
 p - a scroll of remove curse
Potions
 j - a potion of curing {unknown}
 n - a potion of haste {unknown}
Books
 c - a book of Minor Magic

   Spells                             Type                      Level
   a - Magic Dart                     Conjuration                  1
   b - Blink                          Translocation                2
   c - Call Imp                       Summoning                    2
   d - Repel Missiles                 Charms/Air                   2
   e - Slow                           Hexes                        2
   f - Conjure Flame                  Conjuration/Fire             3
   g - Mephitic Cloud                 Conjuration/Poison/Air       3
Comestibles
 d - a bread ration
 m - a beef jerky


   Skills:
 * Level 2.0 Fighting
 - Level 0.2 Maces & Flails
 + Level 0.2 Armour
 - Level 2.1 Dodging
 - Level 2.0 Stealth
 - Level 3.0 Spellcasting
 * Level 3.4 Conjurations
 - Level 1.2 Summonings
 - Level 0.7 Translocations


You had one spell level left.
You knew the following spells:

 Your Spells              Type           Power        Failure   Level  Hunger
a - Magic Dart            Conj           ###.         4%          1    None
b - Call Imp              Summ           #.......     17%         2    ##.....
c - Blink                 Tloc           N/A          21%         2    ##.....
d - Repel Missiles        Chrm/Air       #.....       28%         2    ##.....


Dungeon Overview and Level Annotations

Branches:
Dungeon (3/15)

Altars:

Annotations:
D:2 Sigmund
D:3 Ladykiller69's ghost, amateur MiAK


Innate Abilities, Weirdness & Mutations

((You have a beak for a mouth.))
((You have claws for feet.))


Message History

The magic dart hits Ladykiller69's ghost.
Ladykiller69's ghost is moderately damaged.
Ladykiller69's ghost hits you.
* * * LOW HITPOINT WARNING * * *
Casting: Magic Dart
Confirm with . or Enter, or press ? or * to list all spells.
Aiming: Magic Dart
Press: ? - help, Shift-Dir - straight line, f/p - Ladykiller69's ghost
Aim: Ladykiller69's ghost (moderately damaged)
The magic dart hits Ladykiller69's ghost.
Ladykiller69's ghost is moderately damaged.
Ladykiller69's ghost hits you but does no damage.
You start eating the bread ration.
Ladykiller69's ghost hits you.
Keep eating?
* * * LOW HITPOINT WARNING * * *
You continue eating.
Ladykiller69's ghost hits you but does no damage.
You continue eating.
Ladykiller69's ghost hits you.
You die...

...####.#.#..#.#...#.# #
####.#.#..#..# ... #.
#...........## #..
.w.##)##.###...))..# #..
.........# #...<.#.# ##..
#.####.## #.....##.###...
# #.# #......##...#..
#.####.####......###.##..
##..)...W♣....†.#.#.......
........#####.............
##.####.# #.†##.#..>..#.
#.####.# #...........#.
#......# #...........#.
######.#####.............
#.......#####.....##
######### #######


You could see Ladykiller69's ghost.

Vanquished Creatures
  2 adders
  3 dart slugs
  A leopard gecko (D:2)
  2 giant cockroaches
  3 hobgoblins
  2 kobolds
  A quokka (D:2)
  2 bats (D:1)
  2 frilled lizards (D:1)
  3 goblins
  2 rats
23 creatures vanquished.

Vanquished Creatures (collateral kills)
  An adder (D:2)
1 creature vanquished.

Grand Total: 24 creatures vanquished

Notes
Turn   | Place    | Note
-------+----------+-------------------------------------------
     0 | D:1      | spooks32 the Tengu Wizard began the quest for the Orb.
     0 | D:1      | Reached XP level 1. HP: 10/10 MP: 5/5
   393 | D:1      | Reached skill level 1 in Fighting
   427 | D:1      | Reached XP level 2. HP: 16/16 MP: 4/7
   520 | D:2      | Learned a level 2 spell: Call Imp
   523 | D:2      | Learned a level 2 spell: Blink
   526 | D:2      | Learned a level 2 spell: Repel Missiles
   826 | D:2      | Reached XP level 3. HP: 21/21 MP: 4/8
  1231 | D:2      | Noticed Sigmund
  1402 | D:3      | Noticed Ladykiller69's ghost (amateur MiAK)
  1590 | D:3      | HP: 1/31 [Ladykiller69's ghost (2)]
  1592 | D:3      | Slain by Ladykiller69's ghost

Skill      XL: |  1  2  3 |
---------------+----------+-----
Fighting       | 1 2 |  2.0
Conjurations   | 2 3 |  3.4
Maces & Flails | |  0.2
Armour         | |  0.2
Dodging        | |  2.1
Stealth        | |  2.0
Spellcasting   | |  3.0
Summonings     | |  1.2
Translocations | |  0.7

Action                   || total
-------------------------++-------
Melee: Club              ||     5
       Kick              ||     4
       Mace              ||    14
       Peck              ||     1
 Cast: Magic Dart        ||    59
       Call Imp          ||     1
       Blink             ||     3
  Use: Potion            ||     4
       Scroll            ||     3
 Stab: Sleeping          ||     1
  Eat: Chunk             ||     1
Armor: Skin              ||     5
       Leather armour    ||     3
       Robe              ||     2
Dodge: Dodged            ||    20
